 Dungeon Crawl Stone Soup version 0.28.0 (webtiles) character file.

Game seed: 7321658928541541351

108 greynaab the Skirmisher (level 4, -6/37 HPs)
             Began as a Barachi Abyssal Knight on Feb 6, 2022.
             Was a Believer of Lugonu.
             Succumbed to Sigmund's poison
             ... on level 3 of the Dungeon.
             The game lasted 00:06:14 (2251 turns).

greynaab the Skirmisher (Barachi Abyssal Knight)    Turns: 2251, Time: 00:06:15

Health: -6/37      AC:  5    Str: 12 (14) XL:     4   Next: 87%
Magic:  6/6        EV: 10    Int: 11 (12) God:    Lugonu [**....]
Gold:   49         SH:  0    Dex: 11 (13) Spells: 2/3 levels left

rFire   . . .      SeeInvis .   a - +0 battleaxe
rCold   . . .      Faith    .   (shield currently unavailable)
rNeg    . . .      Spirit   .   j - +0 ring mail
rPois   .          Reflect  .   (no helmet)
rElec   .          Harm     .   (no cloak)
rCorr   .          Rampage  .   (no gloves)
Will    .....                   (no boots)
Stlth   +.........              (no amulet)
HPRegen 0.12/turn               (no ring)
MPRegen 0.10/turn               (no ring)

@: lethally poisoned (-6 -> -36), on berserk cooldown, slowed, very slow
A: amphibious, slowness 1, strong legs 1, +LOS
a: Hop, Renounce Religion, Depart the Abyss, Bend Space


You were on level 3 of the Dungeon.
You worshipped Lugonu.
Lugonu was pleased with you.
You visited 1 branch of the dungeon, and saw 3 of its levels.
You visited the Abyss 1 time.

You collected 49 gold pieces.

Inventory:

Hand Weapons
 a - a +0 battleaxe (weapon)
 b - a +0 hunting sling
 h - a +1 mace
Missiles
 c - 19 bolts
 e - 61 stones
 k - 3 datura-tipped darts
Armour
 f - a +0 leather armour
 j - a +0 ring mail (worn)
Scrolls
 g - a scroll of magic mapping {unknown}
 i - a scroll of teleportation {unknown}
 l - a scroll of summoning {unknown}


   Skills:
 - Level 3.6 Fighting
 + Level 2.9(3.4) Axes
 - Level 2.4(3.1) Maces & Flails
 - Level 2.4 Armour
 - Level 1.1 Dodging
 - Level 3.2 Invocations


You had 2 spell levels left.
You knew the following spells:

 Your Spells              Type           Power      Damage    Failure   Level
a - Sandblast             Erth           0%         2d4       61%         1

Your spell library contained the following spells:

 Spells                   Type           Power      Damage    Failure   Level
 Passwall                 Tmut/Erth      0%         N/A       75%         2
 Stone Arrow              Conj/Erth      0%         3d7       93%         3


Dungeon Overview and Level Annotations

Branches:
Dungeon (3/15)

Altars:

Shops:
D:2 (

Annotations:
D:3 Sigmund


Innate Abilities, Weirdness & Mutations

You are amphibious.
You cover ground slowly.
You can hop short distances.
You have an extended range of vision and can be seen from far away.


Message History

You bump into the rock wall.
You bump into the rock wall.
Sigmund hits you from afar with a +1 scythe of venom.
You are poisoned.
It was a potion of degeneration.
There was something very wrong with that liquid.
You feel weakened.
You feel dopey.
You feel clumsy.
You feel very sick. Sigmund barely misses you.
It was a potion of berserk rage.
A red film seems to cover your vision as you go berserk!
You feel yourself moving faster!
You feel mighty!
You feel very sick.
You bump into the rock wall.
You feel a strong urge to attack something.
You feel sick.
Sigmund says, "Your kind have come here before.
I understand now why.
You desire death..."
Sigmund hits you from afar with a +1 scythe of venom!
You are more poisoned.
You feel very sick.
You miss Sigmund.
You feel very sick. Sigmund gestures at you while chanting.
You resist with some effort.
You barely miss Sigmund.
You feel very sick. Sigmund completely misses you.
You bump into the rock wall.
You feel sick.
You bump into the rock wall.
You feel a strong urge to attack something.
You feel less confused.
You feel sick.
Sigmund laughs darkly.
Sigmund hits you with a +1 scythe of venom!
* * * LOW HITPOINT WARNING * * *
You are more poisoned.
You closely miss Sigmund.
You are no longer berserk.
You are exhausted.
You feel yourself slow down.
You die...

#####
#<..#
###@#
#@#
#.#
#.#
#.#
..#
###


You could see Sigmund.

Vanquished Creatures
  A phantom (D:2)
  An adder (D:2)
  A dart slug (D:1)
  3 goblins
  A hobgoblin (D:2)
  2 jackals (D:2)
  2 kobolds
  2 quokkas
  2 ball pythons
  2 frilled lizards (D:1)
  5 rats
22 creatures vanquished.

Notes
Turn   | Place    | Note
-------+----------+-------------------------------------------
     0 | Abyss:1  | greynaab the Barachi Abyssal Knight began the quest for the
                  | Orb.
     0 | Abyss:1  | Reached XP level 1. HP: 18/18 MP: 2/2
     9 | D:1      | Escaped the Abyss
   477 | D:1      | Found a faded altar of an unknown god.
   680 | D:1      | Reached XP level 2. HP: 21/25 MP: 3/3
  1474 | D:2      | Reached skill level 1 in Axes
  1505 | D:2      | Reached ** piety under Lugonu
  1562 | D:2      | Reached XP level 3. HP: 18/30 MP: 4/4
  1762 | D:2      | Noticed a phantom
  1770 | D:2      | Killed a phantom
  1771 | D:2      | Reached XP level 4. HP: 14/37 MP: 4/6
  1963 | D:2      | Learned a level 1 spell: Sandblast
  2054 | D:2      | Found Igoid's Weapon Shoppe.
  2237 | D:3      | Noticed Sigmund
  2251 | D:3      | Succumbed to Sigmund's poison

Illustrated notes

Levels and vault maps discovered:
D:1:      amcnicky_arrival_double_pillar, layout_loops_corners,
          ebering_ecumenical_altar_webs
D:2:      layout_basic, serial_shops, nicolae_shop_bloodbath_and_beyond
D:3:      layout_basic, nicolae_overflow_crystal_walls, hangedman_decor_points,
          uniq_jessica, uniq_sigmund

Skill      XL: |  1  2  3 |
---------------+----------+-----
Invocations    | 2 3 |  3.2
Axes           | 1 2 |  2.9
Fighting       | |  3.6
Maces & Flails | |  2.4
Armour         | |  2.4
Dodging        | |  1.1

Action                   |  1- 3 |  4- 6 || total
-------------------------+-------+-------++-------
Melee: Mace              |    16 |       ||    16
       Battleaxe         |    35 |     8 ||    43
       Punch             |     1 |       ||     1
 Fire: Hunting sling     |    11 |       ||    11
  Use: Potion            |       |     2 ||     2
Armor: Leather armour    |     6 |       ||     6
       Ring mail         |    14 |     1 ||    15
Dodge: Dodged            |    39 |     7 ||    46
